 Dungeon Crawl Stone Soup version 0.29.1-1-gd02db6906a (webtiles) character file.

Game seed: 9806932849488601896

41255 Doomgape the Geomancer (level 14, -24/86 HPs)
             Began as a Gargoyle Earth Elementalist on Sept 20, 2022.
             Was a High Priest of Vehumet.
             Annihilated by a minotaur
             ... wielding the +2 morningstar "Feoliy" {flame, Dex+3}
              (33 damage)
             ... in a Gauntlet.
             The game lasted 01:40:40 (16076 turns).

Doomgape the Geomancer (GrEE)                      Turns: 16076, Time: 01:40:42

Health: -24/86     AC: 17    Str: 17    XL:     14   Next: 14%
Magic:  1/22       EV: 17    Int: 24    God:    Vehumet [*****.]
Gold:   1693       SH:  4    Dex: 19    Spells: 3/24 levels left

rFire   + + .      SeeInvis +   m - staff of earth
rCold   + + +      Faith    .   E - +0 buckler
rNeg    + . .      Spirit   .   o - +4 skin of Zhor {*Englaciate rC+++ SInv}
rPois   ∞          Reflect  .   g - +1 hat
rElec   +          Harm     .   (no cloak)
rCorr   +          Rampage  .   (no gloves)
Will    ++...      NoTele   +   (no boots)
Stlth   ++++++....              d - amulet of magic regeneration
HPRegen 0.24/turn               K - ring of Xom's Recklessness {Will+ rCorr Str+6 Int+2 Dex+3}
MPRegen 0.58/turn               u - ring "Mugaps Vago" {rF++ rC+ Dex+6 Stlth+}

@: freezing walls, flying, studying Fighting
A: sickness immunity, AC +10, big wings, negative energy resistance 1,
electricity resistance, torment resistance 1, petrification resistance
a: Renounce Religion


You were in a Gauntlet.
You worshipped Vehumet.
Vehumet was extremely pleased with you.
You visited 3 branches of the dungeon, and saw 15 of its levels.
You also visited: Sewer and Gauntlet.

You collected 1896 gold pieces.
You spent 203 gold pieces at shops.

Inventory:

Armour
 g - a +1 hat (worn)
 k - a +1 robe of resistance
 o - the +4 skin of Zhor (worn) {*Englaciate rC+++ SInv}
   (You found it on level 8 of the Dungeon)

   It radiates cold, occasionally slowing all nearby creatures who are not
   resistant to cold.
   rC:        It renders you almost immune to cold.
   SInv:      It lets you see invisible.
 E - a +0 buckler (worn)
 G - +0 steam dragon scales
Magical Staves
 m - a staff of earth (weapon)
Jewellery
 d - an amulet of magic regeneration (around neck)
 j - a ring of willpower
 n - a ring of see invisible
 t - a ring of fire
 u - the ring "Mugaps Vago" (right hand) {rF++ rC+ Dex+6 Stlth+}
   (You acquired it in a sewer)

   [ring of dexterity]

   Dex:       It affects your dexterity (+6).
   rF:        It greatly protects you from fire.
   rC:        It protects you from cold.
   Stlth:     It makes you more stealthy.
 K - the ring of Xom's Recklessness (left hand) {Will+ rCorr Str+6 Int+2 Dex+3}
   (You found it in a Gauntlet)

   [ring of strength]

   Str:       It affects your strength (+6).
   Int:       It affects your intelligence (+2).
   Dex:       It affects your dexterity (+3).
   rCorr:     It protects you from acid and corrosion.
   Will:      It increases your willpower.
Wands
 q - a wand of iceblast (5)
 r - a wand of quicksilver (6)
 x - a wand of polymorph (3)
 z - a wand of charming (12)
 M - a wand of flame (3)
Scrolls
 a - a scroll of enchant weapon
 l - 8 scrolls of identify
 v - a scroll of magic mapping
 w - 2 scrolls of fog
 y - 3 scrolls of amnesia
 B - 3 scrolls of immolation
 C - 4 scrolls of teleportation
 D - 4 scrolls of enchant armour
 F - 2 scrolls of fear
 H - a scroll of blinking
 J - a scroll of brand weapon
Potions
 b - 3 potions of magic
 c - 7 potions of curing
 h - 2 potions of resistance
 i - a potion of heal wounds
 p - a potion of cancellation
 s - a potion of haste
 A - 2 potions of might
 I - 2 potions of invisibility
Miscellaneous
 e - a lightning rod (4/4)


   Skills:
 - Level 9.2 Fighting
 - Level 9.2 Dodging
 - Level 11.0 Stealth
 - Level 5.9 Spellcasting
 - Level 10.2 Conjurations
 - Level 0.7 Transmutations
 - Level 7.4 Ice Magic
 + Level 12.0 Earth Magic
 + Level 8.0 Poison Magic


You had 3 spell levels left.
You knew the following spells:

 Your Spells              Type           Power      Damage    Failure   Level
a - Sandblast             Erth           100%       2d20      1%          1
b - Passwall              Tmut/Erth      45%        N/A       1%          2
c - Stone Arrow           Conj/Erth      100%       3d13      1%          3
d - Blink                 Tloc           14%        N/A       17%         2
e - Frozen Ramparts       Ice            86%        1d13      1%          3
f - Mephitic Cloud        Conj/Pois/Air  36%        N/A       1%          3
g - Poisonous Vapours     Pois/Air       52%        N/A       1%          2
h - Lee's Rapid Deconstr  Erth           39%        3d20*     1%          5

Your spell library contained the following spells:

 Spells                   Type           Power      Damage    Failure   Level
 Iskenderun's Mystic Bla  Conj/Tloc      31%        2d8       3%          4
 Shock                    Conj/Air       100%       1d9       1%          1
 Ensorcelled Hibernation  Hex/Ice        50%        N/A       3%          2
 Spider Form              Tmut/Pois      28%        N/A       5%          3
 Beastly Appendage        Tmut           20%        N/A       9%          1
 Wereblood                Tmut           10%        N/A       12%         2
 Gell's Gravitas          Tloc           7%         N/A       32%         3
 Lesser Beckoning         Tloc           7%         N/A       32%         3
 Swiftness                Air            7%         N/A       32%         3
 Teleport Other           Tloc           7%         N/A       32%         3
 Petrify                  Tmut/Erth      54%        N/A       8%          4
 Airstrike                Air            3%         2d(1-17)  28%         4
 Corpse Rot               Necr/Pois/Air  19%        N/A       36%         4
 Eringya's Noxious Bog    Tmut/Pois      14%        N/A       54%         6
 Manifold Assault         Tloc           7%         N/A       97%         5
 Summon Forest            Summ/Tloc      3%         N/A       97%         5
 Summon Hydra             Summ           3%         N/A       100%        7


Dungeon Overview and Level Annotations

Branches:
Dungeon (9/15)             Temple (1/1) D:7            Lair (5/5) D:9
  Swamp (0/4) Lair:3       Spider (0/4) Lair:3          Orc (0/2) D:9
  Sewer (visited)         Gauntlet (1/1)
  Slime: Lair:4-5

Altars:
Ashenzari
Cheibriados
Dithmenos
Elyvilon
Fedhas
Gozag
Hepliaklqana
Makhleb
Nemelex Xobeh
Okawaru
Qazlal
Ru
Sif Muna
Trog
Uskayaw
Vehumet
Xom
Yredelemnul
Zin
The Shining One

Shops:
D:6 ?   D:8 *

Annotations:
Gauntlet 12 transporters


Innate Abilities, Weirdness & Mutations

You are immune to sickness and miasma.
Your stone body is resilient. (AC +10)
You are immune to poison.
Your large and strong wings let you fly.
You resist negative energy. (rN+)
You are resistant to electric shocks. (rElec)
You are resistant to unholy torment.
You are immune to petrification.


Message History

The minotaur gores you but does no damage.
Casting: Lee's Rapid Deconstruction (dangerous; 1% risk of failure)
Confirm with . or Enter, or press ? or * to list all spells.
Aiming: Lee's Rapid Deconstruction (dangerous; 1% risk of failure)
Press: ? - help, Dir - move target A crystal wall.
You feel a surge of power!
The crystal wall shatters!
The blast of crystal shards hits the minotaur!!!
The minotaur is heavily wounded.
The wall freezes the minotaur.
You block the minotaur's attack.
The minotaur gores you but does no damage.
Unknown command.
Casting: Lee's Rapid Deconstruction (dangerous; 1% risk of failure)
Confirm with . or Enter, or press ? or * to list all spells.
You don't have enough magic to cast this spell.
Casting: Lee's Rapid Deconstruction (dangerous; 1% risk of failure)
Confirm with . or Enter, or press ? or * to list all spells.
Aiming: Sandblast (safe; 1% risk of failure)
Press: ? - help, Shift-Dir - straight line You feel a surge of power!
The blast of sand hits the minotaur.
The minotaur is heavily wounded.
The wall freezes the minotaur but does no damage.
The minotaur drinks a potion.
The minotaur seems to grow stronger.
Unknown command.
Casting: Sandblast (safe; 1% risk of failure)
Confirm with . or Enter, or press ? or * to list all spells.
Aiming: Sandblast (safe; 1% risk of failure)
Press: ? - help, Shift-Dir - straight line You feel a surge of power!
The blast of sand hits the minotaur!
The minotaur is severely wounded.
The wall freezes the minotaur!
The minotaur hits you with the +2 morningstar "Feoliy" {flame, Dex+3}!!!
Ouch! That really hurt!
The minotaur burns you!
* * * LOW HITPOINT WARNING * * *
The minotaur gores you!
* * * LOW HITPOINT WARNING * * *
The wall freezes the minotaur!
The minotaur hits you with the +2 morningstar "Feoliy" {flame, Dex+3}!!
You die...

### ≈≈≈ ∩≈ .. .### °○.
#######H######
#.....@°○.....
#.###.###.###.
#.###.###.##
#............
###.###.###.#
#####.###.###.#####
#≈...............≈# ###
####8..©.©.©.©.©.©..8####
## #8#
#8##§...............≈##8#
#8


You could see a minotaur (strong).

Vanquished Creatures
  Nessos (Lair:3)
  3 hydras
  2 boulder beetles (D:9)
  3 centaur warriors (D:9)
  4 two-headed ogres
  6 death yaks
  A death drake (D:9)
  A bog body (Lair:3)
  A wizard (D:9)
  A lindwurm (Lair:3)
  The ghost of crabbyslav the Tormented, a novice GnNe of Kikubaaqudgha (D:6)
  2 ugly things (D:9)
  A manticore (D:9)
  7 black mambas
  3 torpor snails
  A kobold demonologist (D:9)
  12 cane toads
  4 rime drakes
  8 komodo dragons
  A troll (D:9)
  3 polar bears (Lair:3)
  13 blink frogs
  A slime creature (D:9)
  A centaur simulacrum (Gauntlet)
  18 yaks
  5 wyverns
  Eustachio (D:6)
  6 basilisks
  4 fire bats (Lair:5)
  A redback simulacrum (Gauntlet)
  A redback (Lair:3)
  3 steam dragons
  2 acid dragons
  Edmund (D:6)
  9 water moccasins
  3 black bears
  An orc warrior (D:8)
  An ogre (D:5)
  22 wolves
  5 centaurs
  A phantom (D:5)
  3 necrophages
  13 bullfrogs
  3 gnoll sergeants
  The ghost of ababab the Vexing, an amateur FeEn (D:4)
  3 scorpions
  A cane toad simulacrum (Gauntlet)
  8 wights (D:8)
  11 killer bees (D:9)
  3 vampire bats (Lair:1)
  5 howler monkeys
  A hound (D:5)
  2 jellies
  3 orc priests
  A gnoll bouda (D:5)
  Jessica (D:2)
  Natasha (thrice) (D:3)
  4 iguanas
  2 orc wizards
  5 hell rats (Lair:1)
  4 gnolls
  7 river rats (Sewer)
  12 adders
  2 white imps (Gauntlet)
  2 ufetubi
  4 worms
  6 dart slugs
  12 orcs
  22 ball pythons
  10 endoplasms
  3 giant cockroaches
  10 hobgoblins
  6 jackals
  10 kobolds
  2 quokkas
  10 bats
  5 frilled lizards
  8 goblins
  33 rats
406 creatures vanquished.

Vanquished Creatures (others)
  22 demonic plants (Gauntlet)
  13 fungi
  19 plants
54 creatures vanquished.

Grand Total: 460 creatures vanquished

Notes
Turn   | Place    | Note
-------+----------+-------------------------------------------
     0 | D:1      | Doomgape the Gargoyle Earth Elementalist began the quest
                  | for the Orb.
     0 | D:1      | Reached XP level 1. HP: 10/10 MP: 3/3
   221 | D:1      | Reached skill level 4 in Earth Magic
   368 | D:1      | Reached XP level 2. HP: 15/15 MP: 3/5
   866 | D:1      | Reached XP level 3. HP: 19/19 MP: 4/6
   869 | D:1      | Reached skill level 5 in Earth Magic
   898 | D:1      | Found a faded altar of an unknown god.
  1373 | D:2      | Reached XP level 4. HP: 24/24 MP: 5/7
  1403 | D:2      | Reached skill level 6 in Earth Magic
  1406 | D:2      | Learned a level 2 spell: Passwall
  1410 | D:2      | Learned a level 3 spell: Stone Arrow
  1558 | D:2      | Identified a scroll of acquirement
  1558 | D:2      | Acquired a staff of earth
  1775 | D:2      | Noticed Jessica
  1777 | D:2      | Killed Jessica
  1778 | D:2      | Reached skill level 1 in Conjurations
  2004 | D:2      | Reached XP level 5. HP: 28/28 MP: 6/8
  2131 | D:3      | Found a shimmering altar of Xom.
  2280 | D:3      | Found a glowing drain.
  2291 | Sewer    | Entered a sewer
  2772 | Sewer    | Reached skill level 7 in Earth Magic
  2772 | Sewer    | Reached XP level 6. HP: 32/32 MP: 6/9
  3011 | Sewer    | Acquired the ring "Mugaps Vago" {rF++ rC+ Dex+6 Stlth+}
  3113 | D:3      | Noticed Natasha
  3114 | D:3      | Killed Natasha
  3290 | D:3      | Reached XP level 7. HP: 36/36 MP: 10/10
  3338 | D:3      | Found an opulent altar of Gozag.
  3338 | D:3      | Found a hazy altar of Hepliaklqana.
  3390 | D:3      | Noticed Natasha
  3395 | D:3      | Killed Natasha
  3503 | D:3      | Noticed Natasha
  3506 | D:3      | Killed Natasha
  3763 | D:4      | Reached skill level 8 in Earth Magic
  3841 | D:4      | Found a runed translucent gate.
  3841 | D:4      | Found a runed translucent gate.
  3841 | D:4      | Found a runed translucent gate.
  3898 | D:4      | Noticed ababab's ghost (amateur FeEn)
  3915 | D:4      | Reached skill level 5 in Conjurations
  3986 | D:4      | Found a glowing golden altar of the Shining One.
  3991 | D:4      | Found a hide-covered altar of Uskayaw.
  4494 | D:4      | Killed ababab's ghost
  4540 | D:5      | Entered Level 5 of the Dungeon
  4553 | D:5      | Reached XP level 8. HP: 41/41 MP: 7/11
  4581 | D:5      | Reached skill level 9 in Earth Magic
  4699 | D:5      | Learned a level 2 spell: Blink
  4746 | D:5      | Noticed a wyvern
  4751 | D:5      | Killed a wyvern
  5277 | D:5      | Acquired 1019 gold pieces
  5392 | D:6      | Found Dureonod's Magic Scroll Boutique.
  5457 | D:6      | Reached XP level 9. HP: 38/45 MP: 12/16
  5537 | D:6      | Reached skill level 5 in Spellcasting
  5664 | D:6      | Bought a scroll of teleportation for 42 gold pieces
  5664 | D:6      | Bought a scroll of blinking for 105 gold pieces
  5664 | D:6      | Bought 2 scrolls of identify for 56 gold pieces
  6001 | D:6      | Found a runed translucent door.
  6001 | D:6      | Noticed crabbyslav's ghost (novice GnNe)
  6127 | D:6      | Noticed Eustachio
  6142 | D:6      | Killed Eustachio
  6227 | D:6      | Noticed Edmund
  6232 | D:6      | Killed Edmund
  6552 | D:6      | Killed crabbyslav's ghost
  6740 | D:6      | Identified the +1 plate armour of Altruism {Int+7}
  6865 | D:7      | Reached skill level 5 in Fighting
  7032 | D:7      | Found a sacrificial altar of Ru.
  7268 | D:7      | Reached XP level 10. HP: 61/61 MP: 12/18
  7426 | D:7      | Found a staircase to the Ecumenical Temple.
  7432 | Temple   | Entered the Ecumenical Temple
  7559 | Temple   | Became a worshipper of Vehumet
  7845 | D:8      | Found Otoggio's Mass Market.
  8103 | D:8      | Noticed a two-headed ogre
  8107 | D:8      | Killed a two-headed ogre
  8198 | D:8      | Found the +4 skin of Zhor {*Englaciate rC+++ SInv}
  8382 | D:9      | Noticed a wizard
  8383 | D:9      | Noticed a manticore
  8387 | D:9      | Killed a wizard
  8400 | D:9      | Killed a manticore
  8400 | D:9      | Reached * piety under Vehumet
  8400 | D:9      | Offered knowledge of Freeze by Vehumet.
  8420 | D:9      | Noticed a boulder beetle
  8420 | D:9      | Noticed a centaur warrior
  8420 | D:9      | Noticed a five-headed hydra
  8422 | D:9      | Noticed a centaur warrior
  8422 | D:9      | Noticed a cyclops
  8423 | D:9      | Noticed a death drake
  8423 | D:9      | a cyclops changed into a death drake
  8425 | D:9      | Killed a centaur warrior
  8426 | D:9      | Reached skill level 5 in Dodging
  8568 | D:9      | Noticed a kobold demonologist
  8576 | D:9      | Reached XP level 11. HP: 60/71 MP: 15/19
  8612 | D:9      | Killed a death drake
  8738 | D:9      | Killed a centaur warrior
  8863 | D:9      | Noticed a purple ugly thing
  8864 | D:9      | Noticed a red ugly thing
  8867 | D:9      | Killed a five-headed hydra
  8872 | D:9      | Killed a purple ugly thing
  8878 | D:9      | Killed a purple ugly thing
  9152 | D:9      | Noticed a two-headed ogre
  9167 | D:9      | Killed a two-headed ogre
  9192 | D:9      | Killed a boulder beetle
  9290 | D:9      | Noticed a centaur warrior
  9320 | D:9      | Killed a centaur warrior
  9320 | D:9      | Offered knowledge of Poisonous Vapours by Vehumet.
  9323 | D:9      | Reached ** piety under Vehumet
  9451 | D:9      | Noticed a two-headed ogre
  9465 | D:9      | Killed a two-headed ogre
  9466 | D:9      | Reached skill level 5 in Stealth
  9498 | D:9      | Found a runed translucent door.
  9698 | D:9      | Found a staircase to the Orcish Mines.
  9743 | D:9      | Found a staircase to the Lair.
  9934 | D:9      | Found a stormy altar of Qazlal.
  9999 | D:9      | Noticed a two-headed ogre
 10008 | D:9      | Killed a two-headed ogre
 10009 | D:9      | Reached XP level 12. HP: 76/76 MP: 11/20
 10046 | Lair:1   | Entered Level 1 of the Lair of Beasts
 10126 | Lair:1   | Noticed a four-headed hydra
 10143 | Lair:1   | Killed a four-headed hydra
 10389 | Lair:1   | Reached skill level 10 in Stealth
 10465 | Lair:1   | Offered knowledge of Frozen Ramparts by Vehumet.
 10501 | Lair:1   | Learned a level 3 spell: Frozen Ramparts
 10518 | Lair:1   | Reached skill level 1 in Ice Magic
 10615 | Lair:1   | Noticed a boulder beetle
 10931 | D:9      | Killed a boulder beetle
 11159 | Lair:1   | Reached *** piety under Vehumet
 11403 | Lair:2   | Reached skill level 5 in Ice Magic
 11626 | Lair:2   | Offered knowledge of Mephitic Cloud by Vehumet.
 11631 | Lair:2   | Reached XP level 13. HP: 76/80 MP: 4/21
 11933 | Lair:3   | Noticed Nessos
 11941 | Lair:3   | Learned a level 3 spell: Mephitic Cloud
 11944 | Lair:3   | Learned a level 2 spell: Poisonous Vapours
 11957 | Lair:3   | Killed Nessos
 11958 | Lair:3   | Reached skill level 1 in Poison Magic
 12186 | Lair:3   | Found a hole to the Spider Nest.
 12726 | Lair:3   | Reached **** piety under Vehumet
 12727 | Lair:3   | Reached skill level 10 in Conjurations
 12968 | Lair:3   | Offered knowledge of Lee's Rapid Deconstruction by Vehumet.
 12992 | Lair:3   | Learned a level 5 spell: Lee's Rapid Deconstruction
 13393 | Lair:3   | Reached skill level 5 in Poison Magic
 13566 | Lair:3   | Reached skill level 10 in Earth Magic
 13899 | Lair:3   | Found a staircase to the Swamp.
 14947 | Lair:5   | Entered Level 5 of the Lair of Beasts
 14956 | Lair:5   | Reached skill level 11 in Earth Magic
 15050 | Lair:5   | Gained mutation: Your large and strong wings let you fly.
                  | [Gargoyle growth]
 15050 | Lair:5   | Reached XP level 14. HP: 86/86 MP: 15/22
 15076 | Lair:5   | Found a gate leading to a gauntlet.
 15086 | Gauntlet | Entered a Gauntlet
 15086 | Gauntlet | Found a transporter.
 15094 | Gauntlet | Found a transporter.
 15096 | Gauntlet | Found a transporter.
 15098 | Gauntlet | Found a transporter.
 15109 | Gauntlet | Found a transporter.
 15124 | Gauntlet | Found a transporter.
 15130 | Gauntlet | Found a transporter.
 15155 | Gauntlet | Found a transporter.
 15164 | Gauntlet | Found a transporter.
 15181 | Gauntlet | Noticed a balrug
 15184 | Gauntlet | Found a transporter.
 15206 | Gauntlet | Found a transporter.
 15224 | Gauntlet | Found a transporter.
 15242 | Gauntlet | Found a transporter.
 15271 | Gauntlet | Found a transporter.
 15288 | Gauntlet | Found a transporter.
 15290 | Gauntlet | Found a transporter.
 15320 | Gauntlet | Found a transporter.
 15322 | Gauntlet | Found a transporter.
 15598 | Gauntlet | Noticed a golden dragon
 15601 | Gauntlet | Noticed an iron dragon
 15601 | Gauntlet | a golden dragon changed into an iron dragon
 15602 | Gauntlet | Noticed a golden dragon
 15602 | Gauntlet | an iron dragon changed into a golden dragon
 15603 | Gauntlet | Noticed an iron giant
 15603 | Gauntlet | a golden dragon changed into an iron giant
 15604 | Gauntlet | Noticed a golden dragon
 15604 | Gauntlet | an iron giant changed into a golden dragon
 15607 | Gauntlet | Noticed a juggernaut
 15607 | Gauntlet | a golden dragon changed into a juggernaut
 15610 | Gauntlet | Noticed a rockslime
 15610 | Gauntlet | a juggernaut changed into a rockslime
 15611 | Gauntlet | Noticed a shard shrike
 15611 | Gauntlet | a rockslime changed into a shard shrike
 15872 | Gauntlet | Reached ***** piety under Vehumet
 15872 | Gauntlet | Offered knowledge of Iskenderun's Mystic Blast by Vehumet.
 15881 | Gauntlet | Reached skill level 12 in Earth Magic
 16018 | Gauntlet | Identified the ring of Xom's Recklessness {Will+ rCorr
                  | Str+6 Int+2 Dex+3}
 16068 | Gauntlet | Identified the +2 morningstar "Feoliy" {flame, Dex+3}
 16068 | Gauntlet | Identified the ring of Makhleb, Blushing {rPois rN+ Str+4
                  | Int-2}
 16076 | Gauntlet | Annihilated by a minotaur

Illustrated notes

Levels and vault maps discovered:
D:1:      matt_arrival_los_fun, layout_basic, basic_ecumenical_altar,
          minmay_misc_feat_hallway
D:2:      minmay_wonky_spiral, layout_basic, solitary_fountain, uniq_jessica
D:3:      layout_loops_corners, amcnicky_altar_gilded,
          amethyst_overflow_temple_binary, portal_sewer_entry_b,
          minmay_misc_feat_rugged, uniq_natasha
D:4:      layout_basic, grunt_temple_overflow_open, gammafunk_ghost_split
D:5:      minmay_razor_zed, layout_cave_pools, mrwooster_statue_mirror
D:6:      layout_loops_corners, serial_shops, shop_scrolls,
          ebering_ghost_inner_flame, uniq_eustachio, uniq_edmund
D:7:      layout_rooms, nicolae_ru_great_annihilating_truth,
          minmay_temple_entry_fiery
D:8:      layout_rooms, minmay_shop_mass
D:9:      minmay_the_grid_four_pointed_star
          [minmay_the_grid_triangle_9x9_subtriangle,
          minmay_the_grid_triangle_9x9_pentomino_pain,
          minmay_the_grid_triangle_9x9_odd_lines,
          minmay_the_grid_triangle_9x9_alien,
          minmay_the_grid_prize_four_corners], layout_gridville,
          nicolae_qazlal_eye_of_the_storm
Temple:   bh_familiar_temple
Lair:1:   layout_cave_shapes, roderic_batcave, lemuel_fruit_fields
Lair:2:   layout_misc_corridors, st_stairs_10, grunt_forest_small_clearing_treed
Lair:3:   nzn_winding_woodlands_stair_cross [nzn_winding_woodlands_5x15_jagged,
          nzn_winding_woodlands_center_diamonds,
          nzn_winding_woodlands_5x15_split_checker,
          nzn_winding_woodlands_5x5_perimeter,
          nzn_winding_woodlands_5x5_closed_star,
          nzn_winding_woodlands_5x15_pathside_ponds,
          nzn_winding_woodlands_center_triple_pond,
          nzn_winding_woodlands_5x15_sawtooth], layout_cave_pods,
          skrybe_swamp_entry_bodies, spider_nest_entry_a, uniq_nessos
Lair:4:   layout_loops_ring, serial_bayou_pond_a, grunt_megastairs_1
Lair:5:   evilmike_catoblepas_cave, layout_gridlike, slime_entry_1,
          gauntlet_entry_generic, chequers_serial_rivers_micro_d
Gauntlet: gammafunk_gauntlet_one_two_three [gammafunk_gauntlet_arena_corners,
          nicolae_gauntlet_arena_flowing_pool, nicolae_gauntlet_arena_quarters,
          gammafunk_gauntlet_arena_spirals, gammafunk_gauntlet_arena_teeth,
          gammafunk_gauntlet_arena_hedges, nicolae_gauntlet_arena_t_cross,
          gammafunk_gauntlet_arena_crates, gammafunk_gauntlet_arena_split_x,
          gauntlet_exit_watery]

Skill      XL: |  1  2  3  4  5  6  7  8  9 10 11 12 13 14 |
---------------+-------------------------------------------+-----
Earth Magic    | 4 5 6 7 8 9 11 12 | 12.0
Conjurations   | 1 2 4 5 8 9 10 | 10.2
Spellcasting   | 4 5 |  5.9
Fighting       | 6 9 |  9.2
Dodging        | 5 9 |  9.2
Stealth        | 6 11 | 11.0
Ice Magic      | 6 7 |  7.4
Poison Magic   | 7 8 |  8.0
Transmutations | |  0.7

Action                   |  1- 3 |  4- 6 |  7- 9 | 10-12 | 13-15 || total
-------------------------+-------+-------+-------+-------+-------++-------
 Cast: Sandblast         |    51 |   107 |    83 |   140 |   125 ||   506
       Stone Arrow       |       |     1 |    69 |   206 |    77 ||   353
       Frozen Ramparts   |       |       |       |     7 |    25 ||    32
       Lee's Rapid Decon |       |       |       |       |    17 ||    17
       Poisonous Vapours |       |       |       |       |     6 ||     6
       Mephitic Cloud    |       |       |       |       |     7 ||     7
Evoke: Wand              |       |       |       |     4 |       ||     4
  Use: Scroll            |     3 |     6 |    10 |     5 |     7 ||    31
       Potion            |       |       |     2 |       |     5 ||     7
Armor: Robe              |     7 |    37 |    25 |     1 |       ||    70
       Animal skin       |       |       |       |    54 |    43 ||    97
Dodge: Dodged            |    14 |    37 |    25 |   127 |    79 ||   282
Block: Buckler           |       |       |     7 |    24 |    20 ||    51
